 Seeded DCSS version 0.28-a0-863-g8cecda6153 (webtiles) character file.

Game seed: 7318295585953179233 (custom seed)

2136 flotson the Skirmisher (level 9, -4/67 (69) HPs)
             Began as a Demonspawn Delver on Nov 17, 2021.
             Was an Initiate of Gozag.
             Hit by a boomerang thrown by an orc warrior (11 damage)
             ... on level 7 of the Dungeon.
             The game lasted 00:18:12 (7622 turns).

flotson the Skirmisher (Demonspawn Delver)          Turns: 7622, Time: 00:18:13

HP:   -4/67 (69)    AC: 10    Str: 15    XL:     9   Next: 9%
MP:   9/9           EV: 12    Int: 13    God:    Gozag
Gold: 313           SH:  0    Dex: 14    Spells: 8/8 levels left

rFire   . . .      SeeInvis .   a - +0 quarterstaff (spect)
rCold   . . .      Faith    .   (shield currently unavailable)
rNeg    . . .      Spirit   .   k - +0 ring mail
rPois   +          Reflect  .   (helmet restricted)
rElec   .          Harm     .   o - +0 cloak
rCorr   .          Rampage  .   n - +0 pair of gloves
Will    .....                   z - +1 pair of boots
Stlth   ++........              (no amulet)
HPRegen 0.21/turn               y - ring of poison resistance
MPRegen 0.11/turn               (no ring)

@: lightly drained
A: antennae 2, hooves 1, powered by death 1, powered by pain 1, weakness stinger
1
a: Renounce Religion, Potion Petition, Call Merchant, Bribe Branch


You were on level 7 of the Dungeon.
You worshipped Gozag.
Gozag was aware of your devotion.
You visited 2 branches of the dungeon, and saw 8 of its levels.

You collected 627 gold pieces.
You spent 248 gold pieces at shops.
You paid 66 gold pieces to Gozag.

Inventory:

Hand Weapons
 a - a +0 spectral quarterstaff (weapon)
 b - a +2 trident of protection
Missiles
 m - 30 poisoned darts (quivered)
 p - 4 atropa-tipped darts
 q - 4 curare-tipped darts
 v - 6 datura-tipped darts
 x - 5 silver boomerangs
 A - 120 bolts
Armour
 k - a +0 ring mail (worn)
 n - a +0 pair of gloves (worn)
 o - a +0 cloak (worn)
 z - a +1 pair of boots (worn)
Jewellery
 y - a ring of poison resistance (left hand)
Wands
 g - a wand of digging (1)
 F - a wand of flame (26)
Scrolls
 c - 2 scrolls of fog
 d - 2 scrolls of magic mapping
 e - a scroll of enchant armour {unknown}
 h - a scroll of vulnerability
 i - a scroll of blinking
 j - a scroll of enchant weapon {unknown}
 l - a scroll of teleportation {unknown}
 s - a scroll of silence {unknown}
 t - 2 scrolls of identify {unknown}
 u - a scroll of immolation {unknown}
 w - a scroll of torment {unknown}
 C - 2 scrolls of fear
Potions
 f - a potion of mutation {unknown}
 r - 2 potions of magic
 B - a potion of lignification {unknown}
 D - a potion of might {unknown}
 E - a potion of brilliance {unknown}


   Skills:
 + Level 6.3 Fighting
 - Level 1.8(3.5) Short Blades
 + Level 4.8(5.0) Long Blades
 - Level 1.0 Throwing
 + Level 4.8 Armour
 + Level 5.3 Dodging
 - Level 5.0 Stealth
 + Level 3.6 Evocations


You had 8 spell levels left.
You didn't know any spells.
Your spell library contained the following spells:

 Spells                   Type           Power      Damage    Failure   Level
 Apportation              Tloc           0%         N/A       50%         1
 Alistair's Intoxication  Tmut/Pois      0%         N/A       100%        5


Dungeon Overview and Level Annotations

Branches:
Dungeon (7/15)             Temple (1/1) D:4

Altars:
Dithmenos
Fedhas
Gozag
Vehumet
Wu Jian

Shops:
D:2 (   D:3 (![(

Annotations:
D:6 2 runed translucent doors, flotson's ghost, novice DsDe


Innate Abilities, Weirdness & Mutations

You have a pair of antennae on your head.
You have large cloven feet.
You regenerate a little health from kills.
You sometimes gain a little power by taking damage.
You have a small tail.


Message History

You are too injured to fight recklessly!
You are too injured to fight recklessly!
You feel sick.
The orc warrior throws a boomerang.
The boomerang hits you!
* * * LOW HITPOINT WARNING * * *
Throw: 5 darts (curare)
Press: ? - help, Q - select action, (/) - cycle Shift-Dir - straight line, f - orc warrior
Aim: an orc warrior, wielding a +0 halberd of venom, wearing a +0 plate armour and quivering boomerangs (62% to hit)
You throw a curare-tipped dart.
The curare-tipped dart hits the orc warrior.
The orc warrior is poisoned.
The orc warrior convulses.
The orc warrior seems to slow down.
The orc warrior is lightly wounded.
You feel sick. The orc warrior misses you.
Unknown command.
You feel sick.
You feel sick.
You are no longer poisoned.
The orc warrior throws a boomerang.
The boomerang barely misses you.
Throw: 33 darts (poison)
Press: ? - help, Q - select action, (/) - cycle Shift-Dir - straight line, f/p - orc warrior
Aim: an orc warrior, wielding a +0 halberd of venom, wearing a +0 plate armour and quivering boomerangs (almost dead, 62% to hit)
You throw a poisoned dart.
The poisoned dart barely misses the orc warrior.
Throw: 32 darts (poison)
Press: ? - help, Q - select action, (/) - cycle Shift-Dir - straight line, f/p - orc warrior
Aim: an orc warrior, wielding a +0 halberd of venom, wearing a +0 plate armour and quivering boomerangs (almost dead, 62% to hit)
You throw a poisoned dart. The poisoned dart hits the orc warrior.
The orc warrior is almost dead.
The orc warrior throws a boomerang.
The boomerang hits you!
* * * LOW HITPOINT WARNING * * *
Unknown command.
Throw: 31 darts (poison)
Press: ? - help, Q - select action, (/) - cycle Shift-Dir - straight line, f/p - orc warrior
Aim: an orc warrior, wielding a +0 halberd of venom, wearing a +0 plate armour and quivering boomerangs (almost dead, 62% to hit)
You throw a poisoned dart. The poisoned dart hits the orc warrior.
The orc warrior is poisoned.
The orc warrior is almost dead.
The orc warrior throws a boomerang.
The boomerang hits you!
You die...
Your body crumbles into a pile of gold.

#.# #.# #.# #.#
####.# #.# .....# #.#
.....# #.#
.....####### #.#
............{ #.#
.(..#############.#
.#### #.o......@.# .#
#.########## #####
#.# ....# #.# ###.#
#.# #.# #.# #.#
#.############## #.#
#...{{ooo(......
#.###################


You could see an orc warrior (poisoned).

Vanquished Creatures
  Grinder (D:4)
  The ghost of ders the Digger, an amateur GrEE (D:5)
  Duvessa (D:5)
  2 ice beasts
  An ogre (D:5)
  A phantom (D:5)
  2 kobold brigands (D:7)
  4 scorpions
  A bullfrog (D:6)
  A water moccasin zombie (D:5)
  Dowan (D:5)
  2 water moccasin skeletons
  7 wights
  A bullfrog zombie (D:6)
  2 hounds (D:5)
  A jelly (D:6)
  2 bullfrog skeletons (D:5)
  2 iguanas
  An orc wizard (D:5)
  A hound zombie (D:5)
  A howler monkey skeleton (D:6)
  5 adders
  A white imp (D:6)
  An ufetubus (D:5)
  An adder skeleton (D:4)
  2 worms
  A dart slug (D:1)
  6 orcs
  6 bats
  3 endoplasms
  3 giant cockroaches
  4 goblins
  5 hobgoblins
  A quokka (D:1)
  13 ball pythons
  4 frilled lizards
  11 kobolds
  5 rats
108 creatures vanquished.

Notes
Turn   | Place    | Note
-------+----------+-------------------------------------------
     0 | D:5      | flotson the Demonspawn Delver began the quest for the Orb.
     0 | D:5      | Reached XP level 1. HP: 18/18 MP: 1/1
   172 | D:2      | Gained mutation: You regenerate a little health from kills.
                  | [demonic ancestry]
   172 | D:2      | Reached XP level 2. HP: 13/24 MP: 2/2
   344 | D:2      | Found Zuidd's Antique Weapon Boutique.
   604 | D:1      | Discovered your monstrous ancestry.
   604 | D:1      | Gained mutation: You have large cloven feet. [demonic
                  | ancestry]
   604 | D:1      | Reached XP level 3. HP: 28/29 MP: 3/3
  1484 | D:3      | Found Ihis's Distillery.
  1487 | D:3      | Reached skill level 1 in Long Blades
  1487 | D:3      | Reached skill level 1 in Armour
  1776 | D:3      | Found Umeotwyq's Weapon Emporium.
  1784 | D:3      | Bought 4 atropa-tipped darts for 26 gold pieces
  1918 | D:3      | Reached XP level 4. HP: 25/35 MP: 4/4
  2060 | D:3      | Found Ohesa's Weapon Emporium.
  2065 | D:3      | Bought 6 curare-tipped darts for 36 gold pieces
  2152 | D:3      | Reached skill level 5 in Stealth
  2164 | D:3      | Found Zaneopp's Armour Boutique.
  2312 | D:4      | Noticed Grinder
  2316 | D:4      | Noticed a scorpion
  2518 | D:4      | Paralysed by Grinder for 4 turns
  2528 | D:4      | Killed Grinder
  2529 | D:4      | Reached skill level 4 in Fighting
  2529 | D:4      | Reached skill level 1 in Throwing
  2529 | D:4      | Gained mutation: You have a pair of small antennae on your
                  | head. [demonic ancestry]
  2529 | D:4      | Reached XP level 5. HP: 13/42 MP: 5/5
  2529 | D:4      | Gained mutation: You have a small tail. [demonic ancestry]
  2529 | D:4      | Reached XP level 6. HP: 15/48 MP: 6/6
  2913 | D:4      | Found a staircase to the Ecumenical Temple.
  2923 | Temple   | Entered the Ecumenical Temple
  2935 | Temple   | Became a worshipper of Gozag Ym Sagoz the Greedy
  3328 | D:5      | Found a runed translucent gate.
  3328 | D:5      | Found a runed translucent gate.
  3329 | D:5      | Found a runed translucent gate.
  3332 | D:5      | Noticed ders's ghost (amateur GrEE)
  3372 | D:5      | Reached XP level 7. HP: 55/55 MP: 7/7
  3707 | D:5      | HP: 2/55 [ice beast (13)]
  3725 | D:5      | Reached skill level 5 in Fighting
  3725 | D:5      | Reached skill level 1 in Evocations
  4170 | D:5      | Noticed Duvessa
  4184 | D:5      | Noticed Dowan
  4185 | D:5      | Killed Duvessa
  4191 | D:5      | Killed Dowan
  4192 | D:5      | Gained mutation: You have a pair of antennae on your head.
                  | [demonic ancestry]
  4192 | D:5      | Reached XP level 8. HP: 53/62 MP: 8/8
  4743 | D:5      | Killed ders's ghost
  4761 | D:5      | HP: 3/63 [bullfrog skeleton (4)]
  5733 | D:3      | Bought a +0 ring mail for 48 gold pieces
  5733 | D:3      | Bought a +1 pair of boots for 138 gold pieces
  6086 | D:6      | Found a runed translucent door.
  6092 | D:6      | Noticed flotson's ghost (novice DsDe)
  6268 | D:6      | Found a runed translucent door.
  6360 | D:6      | Reached skill level 5 in Dodging
  6511 | D:6      | Reached skill level 6 in Fighting
  7443 | D:7      | Gained mutation: You sometimes gain a little power by
                  | taking damage. [demonic ancestry]
  7443 | D:7      | Reached XP level 9. HP: 51/64 MP: 9/9
  7622 | D:7      | Hit by a boomerang thrown by an orc warrior

Illustrated notes

Levels and vault maps discovered:
D:1:      giann_horns, layout_rooms, minmay_ruptured
D:2:      layout_loops_ring, serial_shops, nicolae_square_shop
D:3:      layout_loops_ring, serial_shops, nicolae_shop_behind_doors, shop,
          nicolae_shop_competitors_out_of_business, nicolae_shop_hallway_plus,
          grunt_decor_fettered
D:4:      layout_basic, minmay_temple_entry_sparse_star, uniq_grinder
D:5:      layout_cave_pods, gammafunk_ghost_necromancy,
          minmay_misc_feat_more_columns, item_on_display_a, uniq_duvessa
D:6:      layout_basic, ebering_ghost_sewer_f
D:7:      layout_basic, kennysheep_windowed_goal
Temple:   regret_index_temple_sigil_plot

Skill      XL: |  1  2  3  4  5  6  7  8 |
---------------+-------------------------+-----
Dodging        | 2 3 4 5 |  5.3
Long Blades    | 1 2 3 4 |  4.8
Armour         | 1 2 3 4 |  4.8
Stealth        | 5 |  5.0
Fighting       | 4 5 6 |  6.3
Throwing       | 1 |  1.0
Evocations     | 1 3 |  3.6
Short Blades   | |  1.8

Action                   |  1- 3 |  4- 6 |  7- 9 || total
-------------------------+-------+-------+-------++-------
Melee: Short sword       |   111 |       |       ||   111
       Dagger            |    42 |    28 |       ||    70
       Kick              |    11 |     9 |    37 ||    57
       Quarterstaff      |       |    19 |   167 ||   186
       Tailslap          |       |     3 |    29 ||    32
       Trident           |       |       |    30 ||    30
Throw: Dart              |       |     4 |    17 ||    21
       Boomerang         |       |       |     5 ||     5
Evoke: Wand              |       |       |     2 ||     2
  Use: Potion            |       |     1 |     3 ||     4
       Scroll            |       |       |     4 ||     4
 Stab: Sleeping          |     8 |     5 |     3 ||    16
       Distracted        |       |     1 |     1 ||     2
Armor: Leather armour    |    54 |     6 |    30 ||    90
       Ring mail         |       |       |    30 ||    30
Dodge: Dodged            |   127 |    17 |   138 ||   282

Table legend: (Time is in decaauts)
 A = Elapsed time spent in this place.
 B = Non-inter-level travel time spent in this place.
 C = Inter-level travel time spent in this place.
 D = Time resting spent in this place.
 E = Time spent auto-exploring this place.
 F = Levels seen in this place.
 G = Mean time per level.
                   A        B        C        D        E       F      G
               +--------+--------+--------+--------+--------+-----+--------+
         Total |   7654 |   7138 |    516 |    979 |   4798 |   8 |  956.8 |
       Dungeon |   7631 |   7125 |    506 |    979 |   4794 |   7 | 1090.1 |
        Temple |     22 |     12 |     10 |      0 |      4 |   1 |   22.0 |
               +--------+--------+--------+--------+--------+-----+--------+

Top non-repeatable levels by time:
     D:5: 2066 daAuts
     D:6: 1650 daAuts
     D:4: 1311 daAuts
     D:3: 943 daAuts
     D:2: 784 daAuts
     D:1: 582 daAuts
     D:7: 293 daAuts
  Temple: 22 daAuts
